cohdb
Replays
Latest Replays
All Replays
Popular Replays
Top Player Replays
Match Explorer
How It Works
Community
CoH3 Stats
Reddit
Sign in to upload your games and track your stats! →
Sign in with Steam
Match 24637500
Unlisted
Match 24637500
Overview
Messages
Build Orders
End
Construct Barracks
Selects Advanced Infantry Battlegroup
Selects Advanced Infantry Battlegroup
Riflemen Squad
M1 Mortar Team
Riflemen Squad
Grenade Package
Construct Medical Station
Selects Convert to Ranger Squad
Convert to Ranger Squad
Mechanized Support Center
Convert to Ranger Squad
M1918 Browning Automatic Rifles
Ranger Squad
Selects Designate Assault Position
diritar
693424178
Keto
Prorenzo
wila
想个名字真难
LittleFatty233
【嗜血狼族】灵狐魅儿
0
0
Comments
sign in to comment!
No comments posted yet!